 Dungeon Crawl Stone Soup version 0.29-a0-723-gce39da1c22 (webtiles) character file.

Game seed: 3445109641378786524

590 blackman the Cleaver (level 7, 0/57 HPs)
             Began as a Hill Orc Monk on June 28, 2022.
             Was a Believer of Beogh.
             Succumbed to an orc priest's poison
             ... on level 5 of the Dungeon.
             The game lasted 00:11:09 (5534 turns).

blackman the Cleaver (Hill Orc Monk)                Turns: 5534, Time: 00:11:09

Health: 0/57       AC: 10    Str: 14 (16) XL:     7   Next: 38%
Magic:  7/7        EV:  2    Int: 10      God:    Beogh [**....]
Gold:   312        SH:  9    Dex: 18 (19) Spells: 6/6 levels left

rFire   . . .      SeeInvis .   i - +1 trident (venom)
rCold   . . .      Faith    +   o - +1 kite shield
rNeg    . . .      Spirit   .   E - +0 plate armour
rPois   .          Reflect  .   (no helmet)
rElec   .          Harm     .   (no cloak)
rCorr   .          Rampage  .   (no gloves)
Will    .....                   (no boots)
Stlth   ..........              w - amulet of faith
HPRegen 0.19/turn               s - +6 ring of dexterity
MPRegen 0.10/turn               (no ring)

@: lethally poisoned (0 -> -1)
A: no striking features
a: Renounce Religion, Smiting


You were on level 5 of the Dungeon.
You worshipped Beogh.
Beogh was pleased with you.
You visited 1 branch of the dungeon, and saw 5 of its levels.

You collected 312 gold pieces.

Inventory:

Hand Weapons
 a - a +0 hand axe
 g - a +0 spear
 i - a +1 trident of venom (weapon)
 u - the +3 dagger of Aschebb {holy, *Noise rF+ Int+3 Dex+2}
   (You found it on level 2 of the Dungeon)

   It has been blessed by the Shining One to cause great damage to the undead
   and demons.
   Int:       It affects your intelligence (+3).
   Dex:       It affects your dexterity (+2).
   rF:        It protects you from fire.
   *Noise:    It may make noises in combat.
 v - a +1 dagger of venom
 C - a +2 vorpal sling
Missiles
 h - a javelin
 k - 7 poisoned darts (quivered)
Armour
 b - a +0 robe
 j - a +0 chain mail
 o - a +1 kite shield (worn)
 q - an orb of guile
 E - a +0 plate armour (worn)
Jewellery
 s - a +6 ring of dexterity (left hand)
 t - a ring of see invisible
 w - an amulet of faith (around neck)
 y - an amulet of magic regeneration
Scrolls
 c - a scroll of enchant armour
 d - a scroll of torment
 l - a scroll of silence
 m - a scroll of amnesia
 n - 2 scrolls of summoning
 p - a scroll of noise
Potions
 r - 2 potions of flight


   Skills:
 - Level 3.6 Fighting
 + Level 10.8 Axes
 - Level 2.4 Dodging
 - Level 1.5 Stealth


You had 6 spell levels left.
You didn't know any spells.
Your spell library contained the following spells:

 Spells                   Type           Power      Damage    Failure   Level
 Slow                     Hex            0%         N/A       100%        1
 Confusing Touch          Hex            0%         N/A       100%        3
 Vampiric Draining        Necr           0%         2d6       100%        3
 Iskenderun's Battlesphe  Conj           0%         2d6       100%        5
 Iron Shot                Conj/Erth      0%         9d1       100%        6
 Malign Gateway           Summ/Tloc      0%         N/A       100%        7
 Spellforged Servitor     Conj/Summ      0%         N/A       100%        7
 Summon Horrible Things   Summ           0%         N/A       100%        8


Dungeon Overview and Level Annotations

Branches:
Dungeon (5/15)
 Temple: D:4-7

Altars:
Hepliaklqana
Makhleb
Qazlal


Message History

Blink to where?
Press: ? - help, Dir - move target, p - orc priest
As you read the scroll of blinking, it crumbles to dust.
You feel very sick.
As you read the scroll of teleportation, it crumbles to dust.
You feel strangely unstable.
You feel very sick.
You feel sick.
Your surroundings suddenly seem different.
A jelly comes into view.
Found an escape hatch in the floor.
You feel sick.
The jelly quivers.
There is an escape hatch in the floor here.
As you read the scroll of teleportation, it crumbles to dust.
You feel strangely unstable.
You feel sick. The jelly hits you.
* * * LOW HITPOINT WARNING * * *
You are splashed with acid.
* * * LOW HITPOINT WARNING * * *
As you read the scroll labelled UJAFAAL WEDDOX, it crumbles to dust.
You assume a fearsome visage.
The jelly looks frightened!
It was a scroll of fear.
* * * LOW HITPOINT WARNING * * *
You feel sick.
As you read the scroll labelled EZUSAON PUHAO, it crumbles to dust.
The creatures around you are filled with an inner flame!
It was a scroll of immolation.
Your surroundings suddenly seem different.
* * * LOW HITPOINT WARNING * * *
You feel sick.
Unknown command.
As you read the scroll labelled ROLEN MOOTUY, it crumbles to dust.
It is a scroll of enchant armour.
Your +0 kite shield glows green for a moment.
* * * LOW HITPOINT WARNING * * *
You feel sick.
As you read the scroll of magic mapping, it crumbles to dust.
You feel aware of your surroundings.
You sensed 1 altar, and 1 shop/portal.
* * * LOW HITPOINT WARNING * * *
You feel sick.
You die...

*,*
*,**,*******,,,,,,*
*,*
*,**,,,,,,,,,,*****
** #.#
*,**********,** *,
****#.# *,* *,* *,
,,,,..# *,* *,* *,
#***#.#**,**** *,*
*, .<,,...,,,..,*
#####.###*** *,
#***#.#***o#,*
#........,,* *, #
#.# *.#,*
#@#***,***,* *,
#####.# *o#,* #.#
*,* *,* *,
##....###*(#,* #.#
*,* *,* *,
...##...##.#,* #.#
*,* *,* #,
...#..#o.(.#.#
#.#***,***,*#####.
.....###o....#
#..,,,,,,,,,......
....##*##..###
#..*******,,###.##
...#+*,*##..# #..*
*,,* *,**
..##*,_,**#.#**#..#
*,,* *,,,


There were no monsters in sight!

Vanquished Creatures
  Duvessa (D:4)
  An orc warrior (D:4)
  A black bear (D:5)
  A necrophage (D:4)
  2 orc wizards (D:3)
  3 gnolls (D:4)
  3 adders
  2 worms
  5 dart slugs
  12 orcs
  8 endoplasms
  6 goblins
  7 hobgoblins
  6 jackals
  2 quokkas (D:3)
  3 ball pythons
  4 bats
  6 frilled lizards
  7 kobolds
  6 rats
86 creatures vanquished.

Vanquished Creatures (collateral kills)
  Dowan (D:4)
1 creature vanquished.

Vanquished Creatures (others)
  13 plants (D:1)
13 creatures vanquished.

Grand Total: 100 creatures vanquished

Notes
Turn   | Place    | Note
-------+----------+-------------------------------------------
     0 | D:1      | blackman the Hill Orc Monk began the quest for the Orb.
     0 | D:1      | Reached XP level 1. HP: 19/19 MP: 1/1
   144 | D:1      | Reached XP level 2. HP: 24/26 MP: 2/2
   241 | D:1      | Reached skill level 5 in Axes
   906 | D:1      | Reached XP level 3. HP: 31/31 MP: 3/3
  1067 | D:1      | Found a faded altar of an unknown god.
  1681 | D:2      | Found a hazy altar of Hepliaklqana.
  1969 | D:2      | Reached skill level 6 in Axes
  2151 | D:2      | Identified the +3 dagger of Aschebb {holy, *Noise rF+ Int+3
                  | Dex+2}
  2548 | D:3      | Reached XP level 4. HP: 26/39 MP: 4/4
  3012 | D:3      | Reached skill level 7 in Axes
  3336 | D:3      | Found a faded altar of an unknown god.
  3391 | D:3      | Reached XP level 5. HP: 45/45 MP: 5/5
  3510 | D:3      | Became a worshipper of Beogh the Brigand
  3510 | D:3      | Reached * piety under Beogh
  3510 | D:3      | Reached ** piety under Beogh
  3704 | D:3      | You fall into a shaft and drop 1 floor!
  3763 | D:4      | Found a stormy altar of Qazlal.
  3981 | D:4      | Reached skill level 8 in Axes
  4068 | D:3      | Found a burning altar of Makhleb.
  4341 | D:4      | Reached XP level 6. HP: 51/51 MP: 6/6
  4440 | D:4      | Identified the ring "Piorr" {rElec rN+ Str+5 Int+6 Slay-3}
  4446 | D:4      | Noticed Duvessa
  4446 | D:4      | Noticed Dowan
  4464 | D:4      | Killed Duvessa
  4465 | D:4      | Reached skill level 9 in Axes
  4468 | D:4      | Noticed an orc warrior
  4496 | D:4      | Killed Dowan
  4770 | D:4      | Killed an orc warrior
  4771 | D:4      | Reached skill level 10 in Axes
  4771 | D:4      | Reached XP level 7. HP: 56/57 MP: 7/7
  5061 | D:5      | Entered Level 5 of the Dungeon
  5531 | D:5      | HP: 2/57 [poisoned by an orc priest]
  5534 | D:5      | Succumbed to an orc priest's poison

Illustrated notes

Levels and vault maps discovered:
D:1:      lightli_iron_boxes, layout_basic, ebering_ecumenical_altar_rust,
          lexackson_kobold_supper
D:2:      layout_basic, basic_altar
D:3:      layout_basic, nicolae_overflow_ecumenical_swirl,
          kennysheep_generic_room_8
D:4:      layout_gridville, mainiacjoe_overflow_small_starburst,
          nicolae_concentric_dashed_squares_mild, uniq_duvessa
D:5:      layout_loops_ring, nemelex_diamond_rough_becter, serial_shops,
          nicolae_stop_n_shop_1, uniq_eustachio, uniq_grinder,
          uniq_blork_the_orc

Skill      XL: |  1  2  3  4  5  6 |
---------------+-------------------+-----
Axes           | 5 6 7 8 10 | 10.8
Fighting       | |  3.6
Dodging        | |  2.4
Stealth        | |  1.5

Action                   |  1- 3 |  4- 6 |  7- 9 || total
-------------------------+-------+-------+-------++-------
Melee: Hand axe          |    34 |       |       ||    34
       Spear             |    92 |       |       ||    92
       Dagger            |    17 |    14 |       ||    31
       Punch             |     1 |       |       ||     1
       Trident           |       |    98 |    18 ||   116
Throw: Javelin           |       |     9 |     3 ||    12
       Dart              |       |     2 |       ||     2
Invok: Convert to Beogh  |       |     1 |       ||     1
  Use: Potion            |     1 |     5 |       ||     6
       Scroll            |       |     9 |    10 ||    19
 Stab: Sleeping          |     7 |     3 |       ||    10
Armor: Robe              |    14 |     5 |       ||    19
       Skin              |       |     7 |       ||     7
       Chain mail        |       |    14 |       ||    14
       Plate armour      |       |    19 |    12 ||    31
Dodge: Dodged            |    62 |    26 |     3 ||    91
Block: Kite shield       |       |       |     6 ||     6

Table legend: (Time is in decaauts)
 A = Elapsed time spent in this place.
 B = Non-inter-level travel time spent in this place.
 C = Inter-level travel time spent in this place.
 D = Time resting spent in this place.
 E = Time spent auto-exploring this place.
 F = Levels seen in this place.
 G = Mean time per level.
                   A        B        C        D        E       F      G
               +--------+--------+--------+--------+--------+-----+--------+
         Total |   5552 |   5394 |    158 |   1170 |   3470 |   5 | 1110.4 |
       Dungeon |   5552 |   5394 |    158 |   1170 |   3470 |   5 | 1110.4 |
               +--------+--------+--------+--------+--------+-----+--------+

Top non-repeatable levels by time:
     D:1: 1565 daAuts
     D:3: 1329 daAuts
     D:4: 1244 daAuts
     D:2: 935 daAuts
     D:5: 477 daAuts
